 Dungeon Crawl Stone Soup version 0.20.0-10-g0535bb4 (webtiles) character file.

1228 Gorglomux the Cleaver (level 8, -1/72 HPs)
             Began as a Deep Dwarf Fighter on June 4, 2017.
             Killed from afar by an orc wizard (6 damage)
             ... with a magic dart
             ... on level 5 of the Dungeon.
             The game lasted 00:02:59 (1485 turns).

Gorglomux the Cleaver (Deep Dwarf Fighter)          Turns: 1485, Time: 00:03:00

Health: -1/72      AC:  7    Str: 20    XL:     8   Next: 23%
Magic:  8/8        EV:  9    Int: 10    God:
Gold:   133        SH: 10    Dex: 13    Spells: 7/7 levels left

rFire    . . .     SeeInvis .   a - +0 war axe
rCold    . . .     Gourm    .   c - +0 shield
rNeg     . . .     Faith    .   b - +0 scale mail
rPois    .         Spirit   .   (no helmet)
rElec    .         Reflect  .   (no cloak)
rCorr    .         Harm     .   (no gloves)
MR       +....                  (no boots)
Stlth    ..........             r - amulet of rage
Regen    0.0/turn               (no ring)
MPRegen  0.2/turn               (no ring)

@: non-regenerating
A: damage resistance, heal wounds, sense surroundings 1, no regeneration
a: Heal Wounds, Evoke Berserk Rage


You were on level 5 of the Dungeon.
You were hungry.

You visited 1 branch of the dungeon, and saw 5 of its levels.

You collected 133 gold pieces.

Inventory:

Hand Weapons
 a - a +0 war axe (weapon)
Armour
 b - a +0 scale mail (worn)
 c - a +0 shield (worn)
Jewellery
 j - an uncursed amulet of guardian spirit
 k - a cursed ring of loudness {unknown}
 r - an amulet of rage (around neck)
 B - a cursed +2 ring of strength {unknown}
Scrolls
 h - a scroll of teleportation {unknown}
 m - a scroll of remove curse {unknown}
 p - 2 scrolls of identify {unknown}
 A - 2 scrolls of amnesia {unknown}
Potions
 i - a potion of brilliance {unknown}
 l - a potion of flight {unknown}
 n - 2 potions of heal wounds {unknown}
 o - a potion of magic {unknown}
 s - a potion of invisibility {unknown}
 u - a potion of mutation {unknown}
 E - a potion of might
Books
 q - a book of Cantrips

   Spells                             Type                      Level
   a - Confusing Touch                Hexes                        1
   b - Animate Skeleton               Necromancy                   1
   c - Summon Small Mammal            Summoning                    1
   d - Apportation                    Translocation                1
Comestibles
 f - 3 bread rations
 t - a royal jelly
 z - a meat ration
 C - 4 fruits
 D - 4 chunks of flesh


   Skills:
 + Level 4.1 Fighting
 + Level 8.4 Axes
 + Level 4.8 Armour
 + Level 3.3 Dodging
 + Level 4.6 Shields


You had 7 spell levels left.
You didn't know any spells.

Dungeon Overview and Level Annotations

Branches:
Dungeon (5/15)
 Temple: D:4-7

Altars:
Fedhas
Uskayaw


Innate Abilities, Weirdness & Mutations

You are resistant to damage.
You can heal yourself by infusing magical energy.
You passively map a small area around you.
You do not regenerate.


Message History

The ogre hits you with a giant club!
* * * LOW HITPOINT WARNING * * *
An orc comes into view. It is wielding a mace.
You barely miss the ogre.
The ogre is almost dead.
You are feeling hungry.
The orc wizard casts a spell at you. The puff of flame hits you!
* * * LOW HITPOINT WARNING * * *
You block the ogre's attack.
A jackal and an ogre come into view.
An orc priest comes into view. It is wielding a mace of holy wrath.
The orc priest shouts!
The jackal barks!
The phantom blinks!
A jackal comes into view.
You block the orc wizard's attack. x2
A jackal comes into view.
The orc wizard points at you and mumbles some strange words.
The magic dart hits you!
You die... , ,...h, ... ,, * , h... ,..$, , , , h.h.J

#.#
.o.Oo##.#######
,, #h.........
*#.......... *
*#.Oo....... **
###.#..####*
#@....# * #
.#######.#.#.# ,
.............#.#
###..####..####.#
* ...... #.##
*,,* *
*#..#.###.####.#
#............# *
, ..#..#..######
* ,, , #....##


You could see an orc wizard.

Vanquished Creatures
  Menkaure (D:4)
  A sky beast (D:5)
  4 ogres (D:4)
  Blork the orc (D:4)
  A bullfrog (D:4)
  A scorpion (D:5)
  A howler monkey (D:4)
  4 hounds
  A jelly (D:5)
  2 orc priests
  An orc wizard (D:4)
  A bullfrog skeleton (D:4)
  An iguana (D:4)
  A gnoll shaman (D:4)
  7 gnolls (D:4)
  2 adders
  An adder skeleton (D:4)
  A worm (D:2)
  2 leopard geckos
  16 orcs
  3 giant cockroaches
  2 goblins
  3 hobgoblins (D:2)
  2 quokkas
  3 ball pythons
  A ball python skeleton (D:5)
  4 bats
  A frilled lizard (D:2)
  3 kobolds (D:2)
  A rat (D:1)
  3 toadstools (D:1)
76 creatures vanquished.

Vanquished Creatures (others)
  A shadow imp (D:5)
1 creature vanquished.

Grand Total: 77 creatures vanquished

Notes
Turn   | Place    | Note
-------+----------+-------------------------------------------
     0 | D:1      | Gorglomux the Deep Dwarf Fighter began the quest for the Orb.
     0 | D:1      | Reached XP level 1. HP: 20/20 MP: 1/1
   172 | D:2      | Noticed a dagger
   173 | D:2      | Found a hide-covered altar of Uskayaw.
   173 | D:2      | Noticed a dagger
   179 | D:2      | Reached skill level 3 in Axes
   179 | D:2      | Reached XP level 2. HP: 27/27 MP: 2/2
   425 | D:3      | Reached skill level 4 in Axes
   425 | D:3      | Reached XP level 3. HP: 29/33 MP: 3/3
   576 | D:4      | Noticed Menkaure
   583 | D:4      | Killed Menkaure
   583 | D:4      | Reached skill level 6 in Axes
   583 | D:4      | Reached XP level 4. HP: 22/40 MP: 4/4
   583 | D:4      | Reached XP level 5. HP: 25/46 MP: 5/5
   599 | D:4      | Noticed an ogre
   609 | D:4      | Killed an ogre
   609 | D:4      | Reached skill level 7 in Axes
   609 | D:4      | Reached XP level 6. HP: 48/55 MP: 6/6
   731 | D:4      | Reached skill level 3 in Fighting
   744 | D:4      | Reached skill level 1 in Dodging
   745 | D:4      | Reached XP level 7. HP: 38/62 MP: 7/7
   747 | D:4      | Noticed Blork the orc
   756 | D:4      | Killed Blork the orc
   953 | D:4      | Reached skill level 8 in Axes
  1314 | D:5      | Entered Level 5 of the Dungeon
  1321 | D:5      | Found a blossoming altar of Fedhas.
  1337 | D:5      | Reached XP level 8. HP: 72/72 MP: 8/8
  1385 | D:5      | Reached skill level 3 in Dodging
  1485 | D:5      | Killed from afar by an orc wizard

Skill      XL: |  1  2  3  4  5  6  7  8 |
---------------+-------------------------+-----
Axes           | 3 4 6 7 8 |  8.4
Fighting       | 3 4 |  4.1
Dodging        | 1 2 3 |  3.3
Armour         | 4 |  4.8
Shields        | 4 |  4.6

Action                   |  1- 3 |  4- 6 |  7- 9 || total
-------------------------+-------+-------+-------++-------
Melee: War axe           |    94 |    62 |   110 ||   266
 Abil: Heal Wounds       |     1 |     2 |     4 ||     7
       Evoke Berserk Rag |       |       |     4 ||     4
  Use: Potion            |       |     1 |       ||     1
  Eat: Chunk             |       |       |     6 ||     6
Armor: Scale mail        |    46 |    32 |    38 ||   116
Dodge: Dodged            |    33 |    15 |    25 ||    73
Block: Shield            |    43 |    50 |    61 ||   154
